| TOP OF THE 1ST |
|
Tulsa Drillers batting - Pitching for Mississippi Braves : LHP Andy Gaiser
|
|
Pitching: LHP Andy Gaiser
|
|
|
Batting: RHB Josh Crenwelge
|
0-0: Called Strike 0-1: Swinging Strike 0-2: Strikes out swinging
|
|
Batting: RHB Daniel Samano
|
0-0: Ball 1-0: Ball 2-0: Ball 3-0: Ground out U3 (Groundball, 3L, EV 110.0 MPH)
|
|
Pitching: LHP Carlos Salcido
|
|
|
Batting: RHB Jonathan Kirsch
|
0-0: Ball 1-0: Foul Ball, location: 2F 1-1: Foul Ball, location: 2F 1-2: Ground out U3 (Groundball, 34S, EV 87.5 MPH)
|
| Top of the 1st over - 0 runs, 0 hits, 0 errors, 0 left on base; Tulsa 0 - Mississippi 0 |
| BOTTOM OF THE 1ST |
|
Mississippi Braves batting - Pitching for Tulsa Drillers : RHP Isidro Aguirre
|
|
Pitching: RHP Isidro Aguirre
|
|
|
Batting: RHB Jordan Martin
|
0-0: Ball 1-0: Ground out 5-3 (Groundball, 56S, EV 83.8 MPH)
|
|
Batting: RHB Hieronim Rutkowski
|
0-0: Called Strike 0-1: Ball 1-1: Foul Ball, location: 2F 1-2: Strikes out looking
|
|
Batting: RHB Erik Coleman
|
0-0: Ball 1-0: Called Strike 1-1: Ball 2-1: Called Strike 2-2: SINGLE (Groundball, 3D, EV 100.6 MPH)
|
|
Batting: LHB Art D'Ascenzo
|
0-0: Ball 1-0: Ball 2-0: Called Strike 2-1: Foul Ball, location: 2F 2-2: Fly out, F8 (Flyball, 8RD, EV 95.6 MPH)
|
| Bottom of the 1st over - 0 runs, 1 hit, 0 errors, 1 left on base; Tulsa 0 - Mississippi 0 |
| TOP OF THE 2ND |
|
Tulsa Drillers batting - Pitching for Mississippi Braves : LHP Carlos Salcido
|
|
Batting: RHB Nick Getz
|
0-0: Called Strike 0-1: Ground out 6-3 (Groundball, 56, EV 101.2 MPH)
|
|
Batting: SHB Nate Kopchak
|
0-0: Ball 1-0: Fly out, F8 (Flyball, 8LXD, EV 90.6 MPH)
|
|
Batting: RHB Tony Rivera
|
0-0: Called Strike 0-1: Ball 1-1: Ball 2-1: Ball 3-1: Base on Balls
|
|
Batting: RHB Aaron Burress
|
0-0: Called Strike 0-1: Ball 1-1: Foul Ball, location: 2F 1-2: SINGLE (Groundball, 6MD, EV 102.5 MPH) Tony Rivera to second Runner from 2nd tries for 3rd, OUT after rundown.
|
| Top of the 2nd over - 0 runs, 1 hit, 0 errors, 1 left on base; Tulsa 0 - Mississippi 0 |
| BOTTOM OF THE 2ND |
|
Mississippi Braves batting - Pitching for Tulsa Drillers : RHP Isidro Aguirre
|
|
Batting: RHB Yojiro Hayashi
|
0-0: Ball 1-0: Called Strike 1-1: Ball 2-1: Called Strike 2-2: SOLO HOME RUN (Flyball, 7LD, EV 91.2 MPH), Distance : 341 ft
|
|
Batting: LHB Luis Cruz
|
0-0: Called Strike 0-1: Foul Ball, location: 2F 0-2: Ball 1-2: SINGLE (Groundball, 34D, EV 95.0 MPH)
|
|
Batting: RHB Jose Ramos
|
0-0: Foul Ball, location: 2F 0-1: Ball 1-1: Swinging Strike 1-2: Foul Ball, location: 2F 1-2: DOUBLE (Line Drive, 9LM, EV 107.5 MPH) Luis Cruz to third
|
|
Batting: RHB Justin Reich
|
0-0: Ball 1-0: Swinging Strike 1-1: Ball 2-1: Foul Ball, location: 2F 2-2: Foul Ball, location: 2F 2-2: Ball 3-2: Foul Ball, location: 2F 3-2: Base on Balls
|
|
Batting: RHB Alex Velasquez
|
0-0: Called Strike 0-1: Ball 1-1: Ball 2-1: Ball 3-1: Foul Ball, location: 2F 3-2: Base on Balls Luis Cruz scores Jose Ramos to third Justin Reich to second
|
|
Batting: RHB Jordan Martin
|
0-0: Ball 1-0: Called Strike 1-1: Fly out, F4 (Popup, 4M, EV 70.6 MPH)
|
|
Batting: RHB Hieronim Rutkowski
|
0-0: Ball 1-0: Fly out, F9 (Flyball, 9S, EV 82.5 MPH)
|
|
Batting: RHB Erik Coleman
|
0-0: Fly out, F6 (Popup, 6M, EV 74.4 MPH)
|
| Bottom of the 2nd over - 2 runs, 3 hits, 0 errors, 3 left on base; Tulsa 0 - Mississippi 2 |
| TOP OF THE 3RD |
|
Tulsa Drillers batting - Pitching for Mississippi Braves : LHP Carlos Salcido
|
|
Batting: LHB Chris Buchan
|
0-0: Ball 1-0: Foul Ball, location: 2F 1-1: Ball 2-1: Swinging Strike 2-2: Strikes out looking
|
|
Batting: RHB Kyle Garrett
|
0-0: Ball 1-0: Ground out 6-3 (Groundball, 6, EV 88.8 MPH)
|
|
Batting: RHB Josh Crenwelge
|
0-0: Called Strike 0-1: Foul Ball, location: 2F 0-2: Foul Ball, location: 2F 0-2: Ball 1-2: Ball 2-2: Ball 3-2: Base on Balls
|
|
Batting: RHB Daniel Samano
|
0-0: Foul Ball, location: 2F 0-1: Ball 1-1: Called Strike 1-2: Fielders Choice at 2nd, 6-4 (Groundball, 6, EV 78.8 MPH)
|
| Top of the 3rd over - 0 runs, 0 hits, 0 errors, 1 left on base; Tulsa 0 - Mississippi 2 |
| BOTTOM OF THE 3RD |
|
Mississippi Braves batting - Pitching for Tulsa Drillers : RHP Isidro Aguirre
|
|
Batting: LHB Art D'Ascenzo
|
0-0: Ball 1-0: Fly out, F8 (Flyball, 8RM, EV 88.8 MPH)
|
|
Batting: RHB Yojiro Hayashi
|
0-0: Foul Ball, location: 2F 0-1: Ball 1-1: Foul Ball, location: 2F 1-2: Ground out 6-3 (Groundball, 6, EV 85.6 MPH)
|
|
Batting: LHB Luis Cruz
|
0-0: Ball 1-0: Swinging Strike 1-1: Ground out 3-1 (Groundball, 34, EV 89.4 MPH)
|
| Bottom of the 3rd over - 0 runs, 0 hits, 0 errors, 0 left on base; Tulsa 0 - Mississippi 2 |
| TOP OF THE 4TH |
|
Tulsa Drillers batting - Pitching for Mississippi Braves : LHP Carlos Salcido
|
|
Batting: RHB Jonathan Kirsch
|
0-0: Called Strike 0-1: Foul Ball, location: 2F 0-2: Strikes out swinging
|
|
Batting: RHB Nick Getz
|
0-0: Foul Ball, location: 2F 0-1: Swinging Strike 0-2: Foul Ball, location: 2F 0-2: Ball 1-2: Foul Ball, location: 2F 1-2: Fly out, F8 (Line Drive, 8RM, EV 87.5 MPH)
|
|
Batting: SHB Nate Kopchak
|
0-0: Ball 1-0: Ball 2-0: Called Strike 2-1: Foul Ball, location: 2F 2-2: Ball 3-2: Ground out 1-3 (Groundball, 13S, EV 74.4 MPH)
|
| Top of the 4th over - 0 runs, 0 hits, 0 errors, 0 left on base; Tulsa 0 - Mississippi 2 |
| BOTTOM OF THE 4TH |
|
Mississippi Braves batting - Pitching for Tulsa Drillers : RHP Isidro Aguirre
|
|
Batting: RHB Jose Ramos
|
0-0: Called Strike 0-1: Ball 1-1: Ball 2-1: Ball 3-1: Base on Balls
|
|
Batting: RHB Justin Reich
|
0-0: Ball 1-0: Called Strike 1-1: Called Strike 1-2: Ball 2-2: DOUBLE (Line Drive, 9LM, EV 110.0 MPH) Jose Ramos to third
|
|
Batting: RHB Alex Velasquez
|
0-0: Called Strike 0-1: Ball 1-1: Ball 2-1: DOUBLE (Line Drive, 78D, EV 108.1 MPH) Jose Ramos scores Justin Reich scores
|
|
Batting: RHB Jordan Martin
|
0-0: Ball Alex Velasquez steals 3rd base 1-0: Foul Ball, location: 2F 1-1: Ball 2-1: SINGLE (Groundball, 6MS, EV 86.9 MPH) (infield hit) Alex Velasquez scores
|
|
Pitching: RHP Carlos Llamas
|
|
|
Batting: RHB Hieronim Rutkowski
|
0-0: Called Strike 0-1: Called Strike Jordan Martin steals 2nd base 0-2: Reached on error, E2 (Groundball, 15S, EV 68.1 MPH) Jordan Martin scores
|
|
Batting: RHB Erik Coleman
|
0-0: Ball 1-0: Ball 2-0: Swinging Strike 2-1: Ball 3-1: Base on Balls
|
|
Batting: LHB Art D'Ascenzo
|
0-0: Ball 1-0: Foul Ball, location: 2F 1-1: Called Strike 1-2: Strikes out swinging
|
|
Batting: RHB Yojiro Hayashi
|
0-0: Called Strike 0-1: Swinging Strike 0-2: Foul Ball, location: 2F 0-2: Strikes out swinging
|
|
Batting: LHB Luis Cruz
|
0-0: Ball 1-0: Ball 2-0: Ball 3-0: Called Strike 3-1: SINGLE (Line Drive, 6MD, EV 101.2 MPH) Hieronim Rutkowski to third Erik Coleman to second Runner from 3rd tries for Home, SAFE, throw by CF to home
|
|
Batting: RHB Jose Ramos
|
0-0: Fielders Choice at 2nd, U4 (Groundball, 4M, EV 93.1 MPH)
|
| Bottom of the 4th over - 5 runs, 4 hits, 1 error, 2 left on base; Tulsa 0 - Mississippi 7 |
| TOP OF THE 5TH |
|
Tulsa Drillers batting - Pitching for Mississippi Braves : LHP Carlos Salcido
|
|
Now at 3B: Adrian Billups
|
|
|
Batting: RHB Tony Rivera
|
0-0: Ground out 5-3 (Groundball, 56S, EV 85.0 MPH)
|
|
Batting: RHB Aaron Burress
|
0-0: Foul Ball, location: 2F 0-1: Swinging Strike 0-2: Foul Ball, location: 2F 0-2: SINGLE (Flyball, 4MD, EV 88.1 MPH)
|
|
Pitching: RHP Thomas Crowner
|
|
|
Batting: LHB Chris Buchan
|
0-0: Ball 1-0: Swinging Strike 1-1: Swinging Strike 1-2: Ball 2-2: Strikes out swinging
|
|
Batting: RHB Kyle Garrett
|
0-0: Called Strike 0-1: Foul Ball, location: 2F 0-2: Ball 1-2: Ball 2-2: Strikes out swinging
|
| Top of the 5th over - 0 runs, 1 hit, 0 errors, 1 left on base; Tulsa 0 - Mississippi 7 |
| BOTTOM OF THE 5TH |
|
Mississippi Braves batting - Pitching for Tulsa Drillers : RHP Carlos Llamas
|
|
Batting: RHB Justin Reich
|
0-0: Ball 1-0: Called Strike 1-1: Foul Ball, location: 2F 1-2: Fly out, F9 (Flyball, 9S, EV 91.9 MPH)
|
|
Batting: RHB Alex Velasquez
|
0-0: Ball 1-0: SINGLE (Groundball, 6MD, EV 98.1 MPH)
|
|
Batting: RHB Jordan Martin
|
0-0: Ball Alex Velasquez steals 2nd base 1-0: Foul Ball, location: 2F 1-1: Ball 2-1: Fly out, F6 (Popup, 6, EV 58.8 MPH)
|
|
Batting: RHB Adrian Billups
|
0-0: Ball 1-0: Foul Ball, location: 2F 1-1: Ball 2-1: Reached via error on a dropped throw from P, E3 (Groundball, 13S, EV 73.1 MPH) Alex Velasquez to third
|
|
Batting: RHB Erik Coleman
|
0-0: Ball 1-0: Swinging Strike 1-1: Foul Ball, location: 2F 1-2: Ball Passed Ball! Alex Velasquez scores Adrian Billups to second 2-2: Ball 3-2: Foul Ball, location: 2F 3-2: Foul Ball, location: 2F 3-2: Foul Ball, location: 2F 3-2: Foul Ball, location: 2F 3-2: Base on Balls
|
|
Batting: LHB Art D'Ascenzo
|
0-0: Foul Ball, location: 2F 0-1: Ball 1-1: Foul Ball, location: 2F 1-2: Ball 2-2: Foul Ball, location: 2F 2-2: Ball 3-2: Ground out 5-3 (Groundball, 6, EV 102.5 MPH)
|
| Bottom of the 5th over - 1 run, 1 hit, 1 error, 2 left on base; Tulsa 0 - Mississippi 8 |
| TOP OF THE 6TH |
|
Tulsa Drillers batting - Pitching for Mississippi Braves : RHP Thomas Crowner
|
|
Batting: RHB Josh Crenwelge
|
0-0: Called Strike 0-1: SINGLE (Line Drive, 7S, EV 93.1 MPH)
|
|
Batting: RHB Daniel Samano
|
0-0: Ball 1-0: Ball 2-0: Called Strike 2-1: Foul Ball, location: 2F 2-2: Foul Ball, location: 2F 2-2: Strikes out looking
|
|
Batting: RHB Jonathan Kirsch
|
0-0: Foul Ball, location: 2F 0-1: Ball 1-1: Ball Josh Crenwelge steals 2nd base 2-1: SINGLE (Line Drive, 8RS, EV 90.6 MPH) Josh Crenwelge to third
|
|
Batting: RHB Nick Getz
|
0-0: Ball 1-0: Called Strike 1-1: Ball 2-1: Foul Ball, location: 2F 2-2: Ball 3-2: 3-RUN HOME RUN (Flyball, 9LD, EV 95.0 MPH), Distance : 362 ft
|
|
Pitching: LHP Aaron Manees
|
|
|
Batting: SHB Nate Kopchak
|
0-0: Ground out 6-3 (Groundball, 56, EV 86.2 MPH)
|
|
Batting: RHB Tony Rivera
|
0-0: Called Strike 0-1: Ball 1-1: SOLO HOME RUN (Flyball, 7D, EV 100.0 MPH), Distance : 387 ft
|
|
Batting: RHB Aaron Burress
|
0-0: Ball 1-0: Ball 2-0: Ball 3-0: Base on Balls
|
|
Batting: LHB Chris Buchan
|
0-0: Called Strike 0-1: Fielders Choice at 2nd, U6 (Groundball, 4M, EV 84.4 MPH)
|
| Top of the 6th over - 4 runs, 4 hits, 0 errors, 1 left on base; Tulsa 4 - Mississippi 8 |
| BOTTOM OF THE 6TH |
|
Mississippi Braves batting - Pitching for Tulsa Drillers : RHP Carlos Llamas
|
|
Batting: RHB Yojiro Hayashi
|
0-0: Called Strike 0-1: Ball 1-1: Ball 2-1: Fly out, F7 (Line Drive, 78M, EV 106.9 MPH)
|
|
Pitching: RHP Jeff Coates
|
|
|
Batting: LHB Luis Cruz
|
0-0: Ball 1-0: Foul Ball, location: 2F 1-1: SINGLE (Groundball, 34D, EV 105.0 MPH)
|
|
Batting: RHB Jose Ramos
|
0-0: Ball 1-0: Ball 2-0: Grounds into double play, 5-4-3 (Groundball, 56, EV 86.9 MPH)
|
| Bottom of the 6th over - 0 runs, 1 hit, 0 errors, 0 left on base; Tulsa 4 - Mississippi 8 |
| TOP OF THE 7TH |
|
Tulsa Drillers batting - Pitching for Mississippi Braves : LHP Aaron Manees
|
|
Now in CF: Jose Melendez
|
|
|
Batting: RHB Kyle Garrett
|
0-0: Ground out 5-3 (Groundball, 5, EV 100.0 MPH)
|
|
Batting: RHB Josh Crenwelge
|
0-0: Ball 1-0: Swinging Strike 1-1: Ball 2-1: Ground out 6-3 (Groundball, 6, EV 104.4 MPH)
|
|
Batting: RHB Daniel Samano
|
0-0: Ball 1-0: Foul Ball, location: 2F 1-1: Ball 2-1: Called Strike 2-2: Ground out 5-3 (Groundball, 56, EV 82.5 MPH)
|
| Top of the 7th over - 0 runs, 0 hits, 0 errors, 0 left on base; Tulsa 4 - Mississippi 8 |
| BOTTOM OF THE 7TH |
|
Mississippi Braves batting - Pitching for Tulsa Drillers : RHP Jeff Coates
|
|
Batting: RHB Justin Reich
|
0-0: Called Strike 0-1: Ball 1-1: Ball 2-1: Fly out, F9 (Flyball, 9S, EV 85.6 MPH)
|
|
Batting: RHB Alex Velasquez
|
0-0: Foul Ball, location: 2F 0-1: Swinging Strike 0-2: Strikes out swinging
|
|
Batting: RHB Jordan Martin
|
0-0: Ball 1-0: Ground out 6-3 (Groundball, 6, EV 87.5 MPH)
|
| Bottom of the 7th over - 0 runs, 0 hits, 0 errors, 0 left on base; Tulsa 4 - Mississippi 8 |
| TOP OF THE 8TH |
|
Tulsa Drillers batting - Pitching for Mississippi Braves : LHP Aaron Manees
|
|
Pitching: LHP Steve Young
|
|
|
Batting: RHB Jonathan Kirsch
|
0-0: SOLO HOME RUN (Flyball, 9LD, EV 94.4 MPH), Distance : 340 ft
|
|
Batting: RHB Nick Getz
|
0-0: Foul Ball, location: 2F 0-1: Swinging Strike 0-2: Ball 1-2: Strikes out looking
|
|
Batting: SHB Nate Kopchak
|
0-0: Ball 1-0: Foul Ball, location: 2F 1-1: Ball 2-1: Foul Ball, location: 2F 2-2: Ball 3-2: Ground out 6-3 (Groundball, 6, EV 83.1 MPH)
|
|
Batting: RHB Tony Rivera
|
0-0: Foul Ball, location: 2F 0-1: Called Strike 0-2: Ball 1-2: Strikes out swinging
|
| Top of the 8th over - 1 run, 1 hit, 0 errors, 0 left on base; Tulsa 5 - Mississippi 8 |
| BOTTOM OF THE 8TH |
|
Mississippi Braves batting - Pitching for Tulsa Drillers : RHP Jeff Coates
|
|
Batting: RHB Adrian Billups
|
0-0: Foul Ball, location: 2F 0-1: Ground out 6-3 (Groundball, 6, EV 86.9 MPH)
|
|
Batting: SHB Jose Melendez
|
0-0: Called Strike 0-1: Ground out 6-3 (Groundball, 6, EV 83.1 MPH)
|
|
Batting: LHB Art D'Ascenzo
|
0-0: Foul Ball, location: 2F 0-1: Ball 1-1: Called Strike 1-2: Ball 2-2: Ground out 1-3 (Groundball, 13S, EV 62.5 MPH)
|
| Bottom of the 8th over - 0 runs, 0 hits, 0 errors, 0 left on base; Tulsa 5 - Mississippi 8 |
| TOP OF THE 9TH |
|
Tulsa Drillers batting - Pitching for Mississippi Braves : LHP Steve Young
|
|
Pitching: RHP Omar Orosco
|
|
|
Batting: RHB Aaron Burress
|
0-0: Ball 1-0: Swinging Strike 1-1: Ball 2-1: Foul Ball, location: 2F 2-2: Strikes out swinging
|
|
Batting: LHB Chris Buchan
|
0-0: Ball 1-0: Called Strike 1-1: Ball 2-1: Ball 3-1: Base on Balls
|
|
Batting: RHB Kyle Garrett
|
0-0: Ball 1-0: Foul Ball, location: 2F 1-1: Swinging Strike 1-2: Strikes out swinging
|
|
Batting: RHB Josh Crenwelge
|
0-0: Ball 1-0: Ball 2-0: Foul Ball, location: 2F 2-1: SINGLE (Line Drive, 7S, EV 106.9 MPH) Chris Buchan to second
|
|
Batting: RHB Daniel Samano
|
0-0: Ball 1-0: Swinging Strike 1-1: DOUBLE (Flyball, 8RXD, EV 100.6 MPH) Chris Buchan scores Josh Crenwelge to third
|
|
Batting: RHB Jonathan Kirsch
|
0-0: Ground out 3-1 (Groundball, 34S, EV 83.8 MPH)
|
| Top of the 9th over - 1 run, 2 hits, 0 errors, 2 left on base; Tulsa 6 - Mississippi 8 |
|